 Dungeon Crawl Stone Soup version 0.21.1-1-g345015f (webtiles) character file.

24 inc the Chiller (level 2, -1/11 HPs)
             Began as a Felid Ice Elementalist on June 16, 2018.
             Killed by nerve-wracking pain
             ... invoked by Jessica
              (12 damage)
             ... on level 2 of the Dungeon on June 17, 2018.
             The game lasted 00:02:41 (1041 turns).

inc the Chiller (Felid Ice Elementalist)            Turns: 1041, Time: 00:02:42

Health: -1/11      AC:  1    Str:  4    XL:     2   Next: 79%
Magic:  5/6        EV: 18    Int: 16    God:
Gold:   22         SH:  0    Dex: 16    Spells: 4/5 levels left
                                        Lives:  0   Deaths: 0

rFire    . . .     SeeInvis +   (weapon unavailable)
rCold    . . .     Gourm    .   (shield unavailable)
rNeg     . . .     Faith    .   (armour unavailable)
rPois    .         Spirit   .   (helmet unavailable)
rElec    .         Reflect  .   (cloak unavailable)
rCorr    .         Harm     .   (gloves unavailable)
MR       .....                  (boots unavailable)
Stlth    +++.......             (no amulet)
HPRegen  0.03/turn              (no ring)
MPRegen  0.10/turn              (no ring)

@: quick
A: very small, no armour, no weapons or thrown items, stealth, claws 1, fangs 3,
see invisible, carnivore, speed 1, shaggy fur 1, slow metabolism 1, sharp paws
a: no special abilities


You were on level 2 of the Dungeon.
You were not hungry.

You visited 1 branch of the dungeon, and saw 2 of its levels.

You collected 22 gold pieces.

Inventory:

Scrolls
 c - a scroll of fog {unknown}
 d - 2 scrolls of identify {unknown}
 e - 2 scrolls of fear {unknown}
 g - a scroll of teleportation {unknown}
 h - a scroll of amnesia {unknown}
 i - a scroll of remove curse {unknown}
 j - a scroll of enchant weapon {unknown}
Potions
 f - 4 potions of curing {unknown}
 k - a potion of agility {unknown}
Books
 a - a book of Frost

   Spells                             Type                      Level
   a - Freeze                         Ice                          1
   b - Throw Frost                    Conjuration/Ice              2
   c - Ozocubu's Armour               Charms/Ice                   3
   d - Throw Icicle                   Conjuration/Ice              4
   e - Summon Ice Beast               Ice/Summoning                4
Comestibles
 b - 4 rations


   Skills:
 - Level 3.2 Dodging
 - Level 2.6 Stealth
 - Level 2.0 Spellcasting
   Level 0.8 Conjurations
 + Level 3.4 Ice Magic


You had 4 spell levels left.
You knew the following spells:

 Your Spells              Type           Power        Failure   Level  Hunger
a - Freeze                Ice            ##..         4%          1    #......


Dungeon Overview and Level Annotations

Branches:
Dungeon (2/15)

Altars:
Sif Muna

Annotations:
D:2 Jessica


Innate Abilities, Weirdness & Mutations

You cannot wear armour.
You are incapable of wielding weapons or throwing items.
Your paws allow you to move quietly. (Stealth)
You have sharp claws.
You have razor-sharp teeth.
You have supernaturally acute eyesight. (SInv)
You are carnivorous and can eat meat at any time.
You cover ground quickly.
You are covered in fur. (AC +1)
You have a slow metabolism.
Your sharp claws are effective at attacking unaware monsters.


Message History

b - 4 rations (gained 1)
There is a deep blue altar of Sif Muna here.
You sit before the altar of Sif Muna.
A quokka comes into view.
The quokka closely misses you.
Found 19 stones and a bubbling orange potion.
Casting: Freeze
Confirm with . or Enter, or press ? or * to list all spells.
Aiming: Freeze
Press: ? - help, Shift-Dir - straight line, f - quokka
Aim: a quokka You freeze the quokka.
You kill the quokka!
Jessica the Apprentice Sorceress comes into view.
She is wielding a club.
Found 9 gold pieces.
Jessica shouts!
Jessica casts a spell at you. Pain shoots through your body!
Ouch! That really hurt!
You die...

#.. #..!(# #####.
#...#....## #.....
...#.....# #.....
.........# #..##.
#.#...#.## ###..#..
#.#......## #)....._
#.........# #..###..
###.......# #.(# ##.
#@......###..# #.
......@............####.
.############.###.......
#.# #...<>.. #.#
######## #.# #.# ..# ##


You could see Jessica.

Vanquished Creatures
  A dart slug (D:2)
  2 goblins
  5 hobgoblins (D:1)
  4 kobolds
  A quokka (D:2)
  3 bats (D:1)
  A frilled lizard (D:1)
  4 rats
21 creatures vanquished.

Notes
Turn   | Place    | Note
-------+----------+-------------------------------------------
     0 | D:1      | inc the Felid Ice Elementalist began the quest for the Orb.
     0 | D:1      | Reached XP level 1. HP: 7/7 MP: 4/4
   379 | D:1      | Reached XP level 2. HP: 10/11 MP: 0/6
   924 | D:2      | Found a deep blue altar of Sif Muna.
  1035 | D:2      | Noticed Jessica
  1041 | D:2      | Killed from afar by Jessica

Skill      XL: |  1 |
---------------+----+-----
Dodging        | 3 |  3.2
Ice Magic      | 3 |  3.4
Stealth        | |  2.6
Spellcasting   | |  2.0
Conjurations   | |  0.8

Action                   || total
-------------------------++-------
Melee: Unarmed           ||     9
       Bite              ||     1
 Cast: Freeze            ||    24
 Stab: Sleeping          ||     4
Dodge: Dodged            ||    14
